 Dungeon Crawl Stone Soup version 0.16-a0-902-g52aef17 (console) character file.

21 rchandra the Firebug (level 2, 0/19 HPs)
             Began as a Mummy Fire Elementalist on Sept 30, 2014.
             Slain by a jackal (1 damage)
             ... on Level 1 of the Dungeon.
             The game lasted 00:04:44 (1190 turns).

rchandra the Firebug (Mummy Fire Elementalist)      Turns: 1190, Time: 00:04:44

HP   0/19        AC  2     Str 11      XL: 2   Next: 62%
MP   0/5         EV 12     Int 14      God:
Gold 22          SH  0     Dex 12      Spells:  2 memorised,  2 levels left

rFire  x . .     SeeInvis .     a - +0 short sword
rCold  + . .     Clarity  .     c - +0 robe
rNeg   + + +     rCorr    .     (no shield)
rPois  +         rRot     +     (no helmet)
rElec  .         Spirit   .     (no cloak)
SustAb .         Warding  .     (no gloves)
rMut   .         Stasis   .     (no boots)
Gourm  .                        (no amulet)
MR     .....                    (no ring)
                                (no ring)

@: not resistant to hostile enchantments, unstealthy
A: no food or potions, fire vulnerability, restore body, cold resistance 1,
negative energy resistance 3, poison resistance, torment resistance, unbreathing
a: no special abilities


You were on level 1 of the Dungeon.
You were not hungry.

You visited 1 branch of the dungeon, and saw 1 of its levels.

You collected 22 gold pieces.

Inventory:

Hand weapons
 a - a +0 short sword (weapon)
Armour
 c - a +0 robe (worn)
Scrolls
 d - a scroll of identify {unknown}
 e - a scroll of recharging {unknown}
Books
 b - a book of Flames

   Spells                             Type                      Level
   *Flame Tongue                      Conjuration/Fire             1
   *Throw Flame                       Conjuration/Fire             2
   Conjure Flame                      Conjuration/Fire             3
   Inner Flame                        Hexes/Fire                   3
   Sticky Flame                       Conjuration/Fire             4
   Fireball                           Conjuration/Fire             5


   Skills:
 - Level 1.5 Dodging
 - Level 1.5 Stealth
 + Level 2.3 Spellcasting
 + Level 1.2 Conjurations
 + Level 2.7 Fire Magic


You had 2 spell levels left.
You knew the following spells:

 Your Spells              Type           Power        Failure   Level  Hunger
k - Throw Flame           Conj/Fire      #.....       17%         2    N/A
y - Flame Tongue          Conj/Fire      #....        12%         1    N/A

Dungeon Overview and Level Annotations

Branches:
Dungeon (1/15)

Altars:

Annotations:
D:1 teletrap stuff


Innate Abilities, Weirdness & Mutations

You do not eat or drink.
Your flesh is vulnerable to fire.
Your flesh is cold resistant.
You are immune to negative energy.
Your system is resistant to poisons.
You are immune to unholy pain and torment.
You can survive without breathing.


Message History

You start resting.
A jackal comes into view.
A jackal is nearby!
The jackal barks!
Casting: Flame Tongue
Confirm with . or Enter, or press ? or * to list all spells.
Aiming: Throw Flame
Press: ? - help, Shift-Dir - straight line, f - jackal
Aim: a jackal The puff of flame misses the jackal.
* * * LOW MAGIC WARNING * * *
Your magical contamination has completely faded away.
Casting: Throw Flame
Confirm with . or Enter, or press ? or * to list all spells.
You don't have enough magic to cast that spell.
The jackal bites you.
Damage: -5%(-1hp) hp: 48%(9hp)
You hit the jackal but do no damage. The jackal barely misses you.
The jackal pauses to sniff the ground.
The jackal bites you.
Damage: -5%(-1hp) hp: 43%(8hp)
You closely miss the jackal. The jackal bites you.
* * * LOW HITPOINT WARNING * * *
The jackal bites you.
* * * LOW HITPOINT WARNING * * *
Huge Dmg: -16%(-3hp) hp: 27%(5hp)
Casting: Throw Flame
Confirm with . or Enter, or press ? or * to list all spells.
Aiming: Flame Tongue
Press: ? - help, Shift-Dir - straight line, f/p - jackal
Aim: a jackal The flame tongue hits the jackal.
The jackal is lightly wounded.
* * * LOW MAGIC WARNING * * *
The jackal bites you.
* * * LOW HITPOINT WARNING * * *
Huge Dmg: -11%(-2hp) hp: 16%(3hp)
You barely miss the jackal.
The jackal is lightly wounded.
The jackal closely misses you.
You closely miss the jackal.
The jackal is lightly wounded.
The jackal bites you.
* * * LOW HITPOINT WARNING * * *
The jackal closely misses you.
Huge Dmg: -10%(-2hp) hp: 6%(1hp)
You hit the jackal.
The jackal is heavily wounded.
The jackal bites you.
You die...

............. ...#....#....
............. ........#(## #
#### # .....##.#.#
#.####.##.# .# .#.####.# #
#.#.&..##.##.###
........#.#.##.#.#####......#
..........#.................#
#..####...#.....M#.###.#...##
...... ........h#.....#...#
..##### .......#.###...#...#
...# ..........#..##...#
....# .######.#.#..##...#
..... ##.#.#..##...# #...
..............# ##.
##.#.#..###[.# ..#.#..#.#..#


You could see a jackal.

Vanquished Creatures
  2 giant geckos (D:1)
  A giant cockroach (D:1)
  A goblin (D:1)
  A hobgoblin (D:1)
  5 jackals (D:1)
  A kobold (D:1)
  A bat (D:1)
  4 giant newts (D:1)
  2 rats (D:1)
18 creatures vanquished.

Notes
Turn   | Place    | Note
--------------------------------------------------------------
     0 | D:1      | rchandra, the Mummy Fire Elementalist, began the quest for the Orb.
     0 | D:1      | Reached XP level 1. HP: 13/13 MP: 3/3
     2 | D:1      | Learned a level 1 spell: Flame Tongue
    78 | D:1      | Huge Dmg: 3 dmg
    79 | D:1      | Reached skill level 1 in Conjurations
   316 | D:1      | Huge Dmg: 4 dmg
   516 | D:1      | Huge Dmg: 3 dmg
   646 | D:1      | Huge Dmg: 3 dmg
   651 | D:1      | Reached XP level 2. HP: 10/19 MP: 0/4
   793 | D:1      | Learned a level 2 spell: Throw Flame
  1097 | D:1      | Huge Dmg: 3 dmg
  1103 | D:1      | Huge Dmg: 2 dmg
  1186 | D:1      | Huge Dmg: 3 dmg
  1187 | D:1      | Huge Dmg: 2 dmg
  1189 | D:1      | Huge Dmg: 2 dmg
  1190 | D:1      | Slain by a jackal

Action                   || total
-------------------------++-------
Melee: Short sword       ||    40
 Cast: Flame Tongue      ||    26
       Throw Flame       ||     2

Vault maps used:
D:1:      onia_arrival_pyramid, baited_tele_trap
